 Dungeon Crawl Stone Soup version 0.22.1-1-ga44c0e56f4 (webtiles) character file.

4697 coier the Fighter (level 10, -1/88 HPs)
             Began as a Gnoll Wanderer on Nov 11, 2018.
             Was a Believer of Okawaru.
             Slain by a two-headed ogre
             ... wielding a +0 giant club
              (9 damage)
             ... on level 8 of the Dungeon.
             The game lasted 00:16:08 (7601 turns).

coier the Fighter (Gnoll Wanderer)                  Turns: 7601, Time: 00:16:08

Health: -1/88      AC: 18    Str: 16    XL:     10   Next: 45%
Magic:  17/17      EV:  9    Int: 16    God:    Okawaru [**....]
Gold:   378        SH:  0    Dex: 15    Spells: 19/19 levels left

rFire    + . .     SeeInvis .   H - +2 flail (protect)
rCold    . . .     Gourm    .   (no shield)
rNeg     + . .     Faith    .   D - +1 chain mail {rF+}
rPois    .         Spirit   .   (no helmet)
rElec    .         Reflect  .   p - +0 cloak
rCorr    .         Harm     .   (no gloves)
MR       .....                  K - +0 pair of boots
Stlth    ..........             (no amulet)
HPRegen  0.24/turn              k - ring of positive energy
MPRegen  0.15/turn              v - +5 ring of protection

@: no status effects
A: distributed training, fangs 1, strong nose
a: Heroism, Renounce Religion


You were on level 8 of the Dungeon.
You worshipped Okawaru.
Okawaru was pleased with you.
You were not hungry.

You visited 1 branch of the dungeon, and saw 8 of its levels.

You collected 490 gold pieces.
You spent 112 gold pieces at shops.

Inventory:

Hand Weapons
 m - a +1 dagger of venom
 A - a +2 short sword of holy wrath
 H - a +2 flail of protection (weapon)
Armour
 p - a +0 cloak (worn)
 D - a +1 chain mail of fire resistance (worn)
 K - a +0 pair of boots (worn)
Magical Staves
 q - an uncursed staff of conjuration {unknown}
Jewellery
 j - an uncursed ring of teleportation
 k - a ring of positive energy (left hand)
 o - an uncursed ring of ice
 v - a +5 ring of protection (right hand)
 G - an uncursed ring of wizardry
 M - a +4 ring of intelligence
Wands
 b - a wand of random effects (8)
 C - a wand of flame (17)
Scrolls
 a - a scroll of noise {unknown}
 e - a scroll of enchant weapon
 f - 3 scrolls of magic mapping
 i - 2 scrolls of enchant armour
 n - 6 scrolls of teleportation
 r - 4 scrolls of remove curse
 u - a scroll of random uselessness {unknown}
 w - 3 scrolls of fog {unknown}
 y - 3 scrolls of amnesia {unknown}
 O - a scroll of immolation {unknown}
Potions
 c - a potion of curing
 g - a potion of resistance {unknown}
 h - 2 potions of flight {unknown}
 l - 2 potions of haste
 s - a potion of heal wounds {unknown}
 t - 2 potions of ambrosia {unknown}
 x - 2 potions of mutation {unknown}
 z - 5 potions of degeneration {unknown}
 B - a potion of invisibility
 E - a potion of lignification {unknown}
 F - 2 potions of cancellation {unknown}
 J - a potion of brilliance {unknown}
 L - 2 potions of agility
Comestibles
 d - 20 rations
 N - a chunk of flesh


   Skills:
 + Level 11.4 Fighting
 + Level 5.2 Short Blades
 + Level 5.2 Long Blades
 + Level 5.2 Axes
 + Level 8.4 Maces & Flails
 + Level 5.2 Polearms
 + Level 5.2 Staves
 + Level 5.2 Slings
 + Level 5.2 Bows
 + Level 5.2 Crossbows
 + Level 5.2 Throwing
 + Level 5.2 Armour
 + Level 5.2 Dodging
 + Level 5.7 Stealth
 + Level 5.8 Shields
 + Level 5.2 Unarmed Combat
 + Level 5.2 Spellcasting
 + Level 4.3 Conjurations
 + Level 4.3 Hexes
 + Level 4.3 Charms
 + Level 4.3 Summonings
 + Level 4.3 Necromancy
 + Level 4.3 Translocations
 + Level 4.3 Transmutations
 + Level 4.3 Fire Magic
 + Level 4.3 Ice Magic
 + Level 4.3 Air Magic
 + Level 4.3 Earth Magic
 + Level 4.3 Poison Magic
 + Level 5.7 Invocations
 + Level 5.2 Evocations


You had 19 spell levels left.
You didn't know any spells.
Your spell library contained the following spells:

 Spells                   Type           Power        Failure   Level  Hunger
 Magic Dart               Conj           ###.         36%         1    None
 Searing Ray              Conj           ###...       50%         2    #......
 Dazzling Spray           Conj/Hex       ###...       75%         3    ###....
 Force Lance              Conj/Tloc      ###.....     98%         4    ####...
 Fulminant Prism          Conj/Hex       ###.......   98%         4    ####...
 Iskenderun's Mystic Bla  Conj           ###.....     98%         4    ####...


Dungeon Overview and Level Annotations

Branches:
Dungeon (8/15)             Temple (0/1) D:7
   Lair: D:8-11

Altars:
Ashenzari
Okawaru
Uskayaw

Shops:
D:7 !


Innate Abilities, Weirdness & Mutations

Your experience applies equally to all skills.
You have very sharp teeth.
Your uncanny sense of smell can sniff out nearby items.


Message History

Press: ? - help, Shift-Dir - straight line Nothing appears to happen.
Something hits you but does no damage. Something hits you!
Something hits you but does no damage. Something hits you!
* * * LOW HITPOINT WARNING * * *
Evoke which item? (* to show all) (? for menu, Esc to quit)
Aiming: Random Effects
Press: ? - help, Shift-Dir - straight line Nothing appears to happen.
Something hits you but does no damage. x2
There's nothing to close nearby.
Evoke which item? (* to show all) (? for menu, Esc to quit)
Aiming: Random Effects
Press: ? - help, Shift-Dir - straight line The fireball explodes!
The fireball engulfs something.
The fireball engulfs you! Something hits you!
* * * LOW HITPOINT WARNING * * *
Something hits you but does no damage.
Unknown command.
You feel better.
Something hits you but does no damage. x2
Something hits you!
You die...

#.......## .#
###......######.#
#....#........#
#..#...##.....#
#..##.###.....##.
#.. #.# #........
#.. #.# #.....###
#.. #.###.....##
#..##@##.........
#......<....#####
##.#...#.#..#
#.......#..#
#.......#....
##.....#####.#
##)=)## .# ##)##
# ##.##


There were no monsters in sight!

Vanquished Creatures
  A two-headed ogre (D:8)
  A spriggan (D:7)
  Sigmund (D:3)
  A hungry ghost (D:7)
  A steam dragon (D:8)
  Edmund (D:6)
  A water moccasin (D:6)
  2 ice beasts (D:5)
  3 orc warriors
  2 sky beasts (D:5)
  A hornet zombie (D:8)
  A phantom (D:6)
  2 black bears
  A necrophage (D:8)
  2 ogres
  2 big kobolds (D:8)
  2 bullfrogs (D:7)
  Blork the orc (D:4)
  3 scorpions
  3 wights (D:7)
  2 howler monkeys
  A crimson imp (D:6)
  6 orc priests
  3 jellies
  2 gnoll shamans (D:8)
  3 hounds
  Ijyb (D:3)
  2 iguanas
  10 orc wizards
  4 worker ants
  A killer bee zombie (D:6)
  A hound zombie (D:5)
  A howler monkey skeleton (D:8)
  13 adders
  10 gnolls
  An ooze (D:5)
  2 adder skeletons
  3 worms
  2 dart slugs (D:1)
  4 leopard geckos
  33 orcs
  3 ball pythons
  7 bats
  15 giant cockroaches
  2 goblins (D:2)
  6 hobgoblins
  17 jackals
  22 kobolds
  3 quokkas
  5 frilled lizards
  2 jackal skeletons (D:4)
  A leopard gecko skeleton (D:6)
  10 rats
230 creatures vanquished.

Vanquished Creatures (others)
  A jackal (D:8)
1 creature vanquished.

Grand Total: 231 creatures vanquished

Notes
Turn   | Place    | Note
-------+----------+-------------------------------------------
     0 | D:1      | Reached skill level 10 in Fighting
     0 | D:1      | coier the Gnoll Wanderer began the quest for the Orb.
     0 | D:1      | coier set off with: a +2 mace, a +0 ring mail, a potion of
                  | curing, a ration
     0 | D:1      | Reached XP level 1. HP: 28/28 MP: 1/1
   188 | D:1      | Reached XP level 2. HP: 33/36 MP: 2/2
   827 | D:2      | Reached XP level 3. HP: 37/42 MP: 3/3
   869 | D:2      | Reached skill level 1 in Invocations
   927 | D:2      | Reached skill level 1 in Short Blades
   927 | D:2      | Reached skill level 1 in Long Blades
   927 | D:2      | Reached skill level 1 in Axes
   927 | D:2      | Reached skill level 1 in Polearms
   927 | D:2      | Reached skill level 1 in Staves
   927 | D:2      | Reached skill level 1 in Slings
   927 | D:2      | Reached skill level 1 in Bows
   927 | D:2      | Reached skill level 1 in Crossbows
   927 | D:2      | Reached skill level 1 in Throwing
   927 | D:2      | Reached skill level 1 in Armour
   927 | D:2      | Reached skill level 1 in Dodging
   927 | D:2      | Reached skill level 1 in Unarmed Combat
   927 | D:2      | Reached skill level 1 in Spellcasting
   927 | D:2      | Reached skill level 1 in Evocations
   981 | D:2      | Reached XP level 4. HP: 36/48 MP: 5/5
  1709 | D:3      | Reached skill level 1 in Conjurations
  1709 | D:3      | Reached skill level 1 in Hexes
  1709 | D:3      | Reached skill level 1 in Charms
  1709 | D:3      | Reached skill level 1 in Summonings
  1709 | D:3      | Reached skill level 1 in Necromancy
  1709 | D:3      | Reached skill level 1 in Translocations
  1709 | D:3      | Reached skill level 1 in Transmutations
  1709 | D:3      | Reached skill level 1 in Fire Magic
  1709 | D:3      | Reached skill level 1 in Ice Magic
  1709 | D:3      | Reached skill level 1 in Air Magic
  1709 | D:3      | Reached skill level 1 in Earth Magic
  1709 | D:3      | Reached skill level 1 in Poison Magic
  1764 | D:3      | Noticed Sigmund
  1782 | D:3      | Killed Sigmund
  1782 | D:3      | Reached XP level 5. HP: 28/54 MP: 5/7
  1782 | D:3      | Reached XP level 6. HP: 32/61 MP: 5/8
  2084 | D:3      | Noticed Ijyb
  2100 | D:3      | Paralysed by something for 2 turns
  2106 | D:3      | Paralysed by something for 3 turns
  2107 | D:3      | Killed Ijyb
  2474 | D:4      | Noticed Blork the orc
  2477 | D:4      | Killed Blork the orc
  2536 | D:4      | Reached XP level 7. HP: 51/67 MP: 10/10
  3601 | D:4      | Found a hide-covered altar of Uskayaw.
  3877 | D:5      | Entered Level 5 of the Dungeon
  3907 | D:5      | Reached XP level 8. HP: 71/74 MP: 12/12
  5354 | D:6      | Reached skill level 11 in Fighting
  5354 | D:6      | Reached XP level 9. HP: 39/81 MP: 14/14
  5538 | D:6      | Noticed Edmund
  5589 | D:6      | Killed Edmund
  6192 | D:6      | Reached skill level 5 in Shields
  6438 | D:6      | Found a shattered altar of Ashenzari.
  6624 | D:7      | Found an iron altar of Okawaru.
  6653 | D:7      | Became a worshipper of Warmaster Okawaru
  6733 | D:7      | Reached skill level 5 in Stealth
  6746 | D:7      | Found Vugoko Ludgh's Distillery.
  6786 | D:7      | Bought a potion of curing for 48 gold pieces
  6786 | D:7      | Bought a potion of agility for 64 gold pieces
  6870 | D:7      | Reached skill level 5 in Invocations
  6945 | D:7      | Found a staircase to the Ecumenical Temple.
  6974 | D:7      | Reached * piety under Okawaru
  6979 | D:7      | Reached XP level 10. HP: 80/88 MP: 15/17
  7259 | D:8      | Noticed a two-headed ogre
  7270 | D:8      | Killed a two-headed ogre
  7270 | D:8      | Reached ** piety under Okawaru
  7270 | D:8      | Reached skill level 5 in Short Blades
  7270 | D:8      | Reached skill level 5 in Long Blades
  7270 | D:8      | Reached skill level 5 in Axes
  7270 | D:8      | Reached skill level 5 in Polearms
  7270 | D:8      | Reached skill level 5 in Staves
  7270 | D:8      | Reached skill level 5 in Slings
  7270 | D:8      | Reached skill level 5 in Bows
  7270 | D:8      | Reached skill level 5 in Crossbows
  7270 | D:8      | Reached skill level 5 in Throwing
  7270 | D:8      | Reached skill level 5 in Armour
  7270 | D:8      | Reached skill level 5 in Dodging
  7270 | D:8      | Reached skill level 5 in Unarmed Combat
  7270 | D:8      | Reached skill level 5 in Spellcasting
  7270 | D:8      | Reached skill level 5 in Evocations
  7572 | D:8      | Noticed a two-headed ogre
  7598 | D:8      | HP: 3/88 [something (15)]
  7601 | D:8      | Slain by a two-headed ogre

Skill      XL: |  1  2  3  4  5  6  7  8  9 10 |
---------------+-------------------------------+-----
Fighting       | 11 | 11.4
Invocations    | 1 2 3 4 5 |  5.7
Short Blades   | 1 2 3 4 5 |  5.2
Long Blades    | 1 2 3 4 5 |  5.2
Axes           | 1 2 3 4 5 |  5.2
Polearms       | 1 2 3 4 5 |  5.2
Staves         | 1 2 3 4 5 |  5.2
Slings         | 1 2 3 4 5 |  5.2
Bows           | 1 2 3 4 5 |  5.2
Crossbows      | 1 2 3 4 5 |  5.2
Throwing       | 1 2 3 4 5 |  5.2
Armour         | 1 2 3 4 5 |  5.2
Dodging        | 1 2 3 4 5 |  5.2
Unarmed Combat | 1 2 3 4 5 |  5.2
Spellcasting   | 1 2 3 4 5 |  5.2
Evocations     | 1 2 3 4 5 |  5.2
Conjurations   | 1 2 3 4 |  4.3
Hexes          | 1 2 3 4 |  4.3
Charms         | 1 2 3 4 |  4.3
Summonings     | 1 2 3 4 |  4.3
Necromancy     | 1 2 3 4 |  4.3
Translocations | 1 2 3 4 |  4.3
Transmutations | 1 2 3 4 |  4.3
Fire Magic     | 1 2 3 4 |  4.3
Ice Magic      | 1 2 3 4 |  4.3
Air Magic      | 1 2 3 4 |  4.3
Earth Magic    | 1 2 3 4 |  4.3
Poison Magic   | 1 2 3 4 |  4.3
Shields        | 3 4 5 |  5.8
Stealth        | 3 4 5 |  5.7
Maces & Flails | 7 8 |  8.4

Action                   |  1- 3 |  4- 6 |  7- 9 | 10-12 || total
-------------------------+-------+-------+-------+-------++-------
Melee: Mace              |    23 |       |       |       ||    23
       Dagger            |    58 |   202 |   320 |       ||   580
       Bite              |     7 |    28 |    89 |    18 ||   142
       Punch             |       |     1 |     4 |     2 ||     7
       Short sword       |       |       |   133 |       ||   133
       Flail             |       |       |   141 |   121 ||   262
Invok: Heroism           |       |       |       |     2 ||     2
Evoke: Wand              |       |       |    43 |    31 ||    74
  Use: Potion            |       |     1 |     1 |     1 ||     3
       Scroll            |       |       |     6 |       ||     6
 Stab: Sleeping          |     1 |     6 |       |       ||     7
       Paralysed         |       |       |    10 |       ||    10
  Eat: Chunk             |       |     5 |    22 |     4 ||    31
       Ration            |       |       |     1 |       ||     1
Armor: Ring mail         |    22 |    90 |    13 |       ||   125
       Chain mail        |       |       |   340 |   119 ||   459
Dodge: Dodged            |    44 |   107 |   209 |    85 ||   445
